AoeStats
← Bottm

Lombardia

510176065Analyzed
2v2 RM · 3d ago on Sep 29, 2026· 48m 43s· 4 players
Game mode
Random Map
Map size
Medium (4 player)
Population
200
Speed
Normal
Resources
Standard
Victory
Conquest
Starting age
Dark Age
Ending age
Imperial Age
RankedLock teamsTeams togetherTeam positionsShared explorationLock speedFull tech treeHidden civsTurbo modeCheats
Victory
Defeat
🇩🇪 Khitans · Germany
1059
+15
🇩🇪 Saxons · Germany
1009
+17
🇦🇷 Gurjaras · Argentina
1058
-17
🇦🇷 Ethiopians · Argentina
1009
-15
KUKA TIRA PIEDRA
6:44 Loom
9:46 Feudal Age
10:36 Double-Bit Axe
10:32 Horse Collar
18:06 Wheelbarrow
22:07 Castle Age
20:56 Forging
20:52 Scale Barding Armor
21:35 Bloodlines
23:32 Hand Cart
26:57 Husbandry
31:08 Imperial Age
28:38 Stone Mining
29:07 Bow Saw
29:25 Heavy Plow
29:35 Gold Mining
31:21 Iron Casting
31:11 Stone Mining
32:10 Conscription
32:52 Gold Shaft Mining
32:01 Heavy Camel Rider
33:43 Chain Barding Armor
35:19 Plate Barding Armor
38:33 Stone Shaft Mining
38:55 Crop Rotation
41:22 Frontier Guards
41:38 Frontier Guards
47:01 Light Cavalry
47:52 Fletching
47:42 Hussar
Patovich
7:01 Loom
10:28 Feudal Age
11:10 Double-Bit Axe
14:45 Fletching
15:58 Horse Collar
21:07 Wheelbarrow
23:52 Castle Age
23:10 Gold Mining
23:11 Stone Mining
25:23 Bow Saw
24:34 Crossbowman
25:12 Bodkin Arrow
26:37 Thumb Ring
32:21 Imperial Age
33:15 Arbalester
35:14 Hand Cart
35:23 Hand Cart
39:33 Ballistics
41:45 Bracer
46:43 Chemistry
Bottm
7:49 Loom
11:36 Feudal Age
15:01 Double-Bit Axe
17:19 Castle Age
15:03 Domestication
24:31 Gold Mining
25:36 Husbandry
27:58 Forging
29:46 Scale Barding Armor
31:04 Iron Casting
31:30 Chain Barding Armor
37:44 Wheelbarrow
40:43 Imperial Age
39:17 Hand Cart
39:14 Bow Saw
39:12 Pastoralism
44:09 Fortified Wall
43:40 Treadmill Crane
45:33 Conscription
45:19 Ordo Cavalry
45:26 Ordo Cavalry
46:02 Plate Barding Armor
47:01 Two-Man Saw
45:39 Elite Steppe Lancer
46:52 Scale Mail Armor
47:57 Murder Holes
Bot LarryS
8:00 Loom
10:41 Feudal Age
11:27 Double-Bit Axe
16:23 Castle Age
14:16 Horse Collar
19:26 Stone Mining
20:49 Bow Saw
26:06 Scale Mail Armor
26:16 Forging
25:57 Fletching
26:23 Padded Archer Armor
27:38 Thumb Ring
28:00 Squires
27:46 Arson
27:47 Gambesons
28:11 Bodkin Arrow
30:47 Wheelbarrow
30:40 Leather Archer Armor
35:00 Imperial Age
34:15 Iron Casting
33:55 Chain Mail Armor
33:41 Gold Mining
34:31 Ballistics
34:21 Fortified Wall
34:32 Heavy Plow
35:45 Gold Shaft Mining
35:03 Town Watch
34:44 Elite Skirmisher
36:34 Conscription
35:35 Shield Wall
36:19 Elite Hearth Troop
37:37 Bracer
38:08 Plate Mail Armor
38:15 Ring Archer Armor
39:15 Pikeman
40:21 Halberdier
Connection lost

Rejoining the realm…

Still unreachable

The connection could not be restored.

Session expired

The server has moved on; the page needs a fresh start.